 Dungeon Crawl Stone Soup version 0.30-a0-168-g0b976cbdc4 (webtiles) character file.

Game seed: 8426702876005073376

5586 qw the Cleaver (level 10, -3/64 HPs)
             Began as a Gargoyle Fighter on Sept 29, 2022.
             Was a Believer of Okawaru.
             Slain by an orc warrior
             ... wielding a +0 dire flail
              (6 damage)
             ... on level 9 of the Dungeon.
             The game lasted 00:02:32 (7216 turns).

qw the Cleaver (Gargoyle Fighter)                   Turns: 7216, Time: 00:02:33

Health: -3/64      AC: 28    Str: 24    XL:     10   Next: 72%
Magic:  13/13      EV: 11    Int:  9    God:    Okawaru [**....]
Gold:   22         SH:  6    Dex: 12    Spells: 9/9 levels left

rFire   + . .      SeeInvis .    Y - +4 war axe
rCold   + . .      Faith    .    c - +0 buckler
rNeg    + + .      Spirit   .    m - +0 chain mail
rPois   inf        Reflect  .    n - +0 helmet of Valour {Rampage rF+ rC+ Dex+3}
rElec   +          Harm     .    o - +0 cloak
rCorr   .          Rampage  +    (no gloves)
Will    .....                    (no boots)
Stlth   ..........               (no amulet)
HPRegen 0.20/turn                k - +4 ring of protection
MPRegen 0.13/turn                l - ring of positive energy

@: heroic
A: sickness immunity, AC +7, negative energy resistance 1, electricity
resistance, torment resistance 1, petrification resistance, iridescent scales 1,
wild magic 1
a: Renounce Religion, Heroism


You were on level 9 of the Dungeon.
You worshipped Okawaru.
Okawaru was pleased with you.
You visited 2 branches of the dungeon, and saw 10 of its levels.

You collected 424 gold pieces.
You spent 402 gold pieces at shops.


Innate Abilities, Weirdness & Mutations

You are immune to sickness and miasma.
Your stone body is resilient. (AC +7)
You are immune to poison.
You resist negative energy. (rN+)
You are resistant to electric shocks. (rElec)
You are resistant to unholy torment.
You are immune to petrification.
You are partially covered in iridescent scales. (AC +2)
Your spells are a little harder to cast, but a little more powerful.


   Skills:
 - Level 8.1(13.1) Fighting
 + Level 10.8(15.8) Axes
 - Level 1.0(6.0) Throwing
 - Level 6.1(11.1) Armour
 - Level 2.0(7.0) Dodging
 - Level 5.3(10.3) Shields
 - Level 4.6 Invocations


You had 9 spell levels left.
You didn't know any spells.
Your spell library was empty.

Inventory:

Hand Weapons
 j - a +0 morningstar
 Y - a +4 war axe (weapon)
Missiles
 g - a boomerang (quivered)
Armour
 c - a +0 buckler (worn)
 m - a +0 chain mail (worn)
 n - the +0 helmet of Valour (worn) {Rampage rF+ rC+ Dex+3}
   (You bought it in a shop on level 6 of the Dungeon)

   Dex:       It affects your dexterity (+3).
   rF:        It protects you from fire.
   rC:        It protects you from cold.
   Rampage:   It bestows one free step when moving towards enemies.
 o - a +0 cloak (worn)
Jewellery
 k - a +4 ring of protection (left hand)
 l - a ring of positive energy (right hand)
Scrolls
 a - a scroll of identify
Potions
 b - a potion of resistance
 d - 3 potions of might
 e - a potion of cancellation
 f - 7 potions of curing
 h - a potion of attraction
 i - a potion of lignification

Dungeon Overview and Level Annotations

Branches:
Dungeon (10/15)            Temple (1/1) D:6            Lair (0/5) D:10
    Orc: D:9-12

Altars:
Ashenzari
Cheibriados
Dithmenos
Elyvilon
Fedhas
Hepliaklqana
Kikubaaqudgha
Makhleb
Okawaru
Qazlal
Ru
Sif Muna
Trog
Uskayaw
Vehumet
Xom
Yredelemnul
Zin
The Shining One

Shops:
D:6 !=[


Message History

You barely miss the killer bee.
You hear a bellow!
The killer bee stings you but does no damage. x2
7207 ||| Stepping ~*~*~tactically~*~*~ (hiding).
The orc warrior attacks as you move away!
The orc warrior barely misses you.
The killer bee stings you but does no damage.
You closely miss the killer bee.
The killer bee stings you but does no damage.
You closely miss the killer bee. You block the killer bee's attack.
The killer bee stings you.
You slice the killer bee!!
You kill the killer bee!
Okawaru accepts your kill.
You slash the orc warrior!
The orc warrior is heavily wounded.
You closely miss the orc warrior.
The orc warrior is heavily wounded.
You closely miss the orc warrior.
The orc warrior hits you but does no damage.
The orc warrior hits you with a +0 dire flail.
The boulder beetle leaps!
You slice the orc warrior!!
You kill the orc warrior!
Okawaru accepts your kill.
You closely miss the orc warrior. You closely miss the orc warrior.
You slash the orc priest! You barely miss the orc priest.
The orc priest is severely wounded.
You hit the orc warrior. The wight closely misses you.
The orc warrior hits you but does no damage.
The orc priest hits you but does no damage.
The boulder beetle leaps!
You completely miss the orc priest.
The orc priest is severely wounded.
You slash the orc warrior! The wight barely misses you.
The orc warrior hits you with a +0 dire flail.
You die...

.c # #. .# #z
#.## #o #..[# #.
#.....
...###.###.....#
.....B)z.0.....#
###o...#
#.@o#### #...#
#..># ........#
#####...# #...#
#...# #...#
#####


You could see an orc warrior, a wight and an orc priest.

Vanquished Creatures
  Erica (D:10)
  Pikel (D:6)
  A troll (D:10)
  9 yaks
  3 steam dragons
  Menkaure (D:6)
  A water moccasin (D:6)
  5 orc warriors (D:9)
  A black bear (D:5)
  2 ice beasts
  An ogre (D:6)
  A centaur (D:9)
  4 lemures (D:6)
  A kobold brigand (D:7)
  2 bullfrogs
  4 scorpions
  2 necrophages (D:6)
  5 wights (D:9)
  3 killer bees (D:9)
  2 howler monkeys
  A hound (D:7)
  A jelly (D:5)
  2 orc priests (D:6)
  A gnoll bouda (D:9)
  Jessica (D:3)
  3 iguanas
  2 orc wizards
  Robin (D:3)
  8 gnolls
  6 adders
  A shadow imp (D:6)
  An ufetubus (D:5)
  4 worms
  4 dart slugs
  11 orcs
  7 endoplasms
  2 giant cockroaches
  13 goblins
  8 hobgoblins
  2 jackals (D:1)
  8 kobolds
  4 quokkas
  5 ball pythons
  3 bats
  3 frilled lizards
  6 rats
158 creatures vanquished.

Vanquished Creatures (others)
  5 dream sheep (D:3)
  A plant (D:6)
6 creatures vanquished.

Grand Total: 164 creatures vanquished

Notes
Turn   | Place    | Note
-------+----------+-------------------------------------------
     0 | D:1      | qw the Gargoyle Fighter began the quest for the Orb.
     0 | D:1      | Reached XP level 1. HP: 14/14 MP: 1/1
     0 | D:1      | 0 ||| qw: Version: 0.2-a-12-gaebbb33
     0 | D:1      | 0 ||| qw: Game counter: 1126
     0 | D:1      | 0 ||| qw: Always use a shield: true
     0 | D:1      | 0 ||| qw: God list: Okawaru
     0 | D:1      | 0 ||| qw: Allow faded altars: false
     0 | D:1      | 0 ||| qw: Do Orc after D:15 true
     0 | D:1      | 0 ||| qw: Do second Lair branch before Depths: true
     0 | D:1      | 0 ||| qw: Lair rune preference: random
     0 | D:1      | 0 ||| qw: Plans: Normal, Zot:1-4, God:TSO, Crypt, Tomb,
                  | Pan, Slime:5, Hells, Abyss, Orb
     0 | D:1      | 0 ||| PLANNING D:1-11
    31 | D:1      | Reached skill level 2 in Axes
    98 | D:1      | Reached XP level 2. HP: 16/19 MP: 2/2
   409 | D:1      | Reached skill level 3 in Axes
   504 | D:1      | 504 ||| DROPPING ring of magical power.
   505 | D:1      | 505 ||| READING scroll labelled DIDGHATHR CUPTE.
   506 | D:1      | 506 ||| DRINKING 3 fizzy orange potions.
   684 | D:2      | Reached XP level 3. HP: 23/23 MP: 3/3
   755 | D:2      | 755 ||| READING scroll of enchant weapon.
   755 | D:2      | 755 ||| ENCHANTING +1 war axe.
   775 | D:2      | 775 ||| Stepping ~*~*~tactically~*~*~ (hiding).
   886 | D:2      | 886 ||| DROPPING +0 club.
  1512 | D:2      | 1512 ||| READING 2 scrolls labelled DUYWAWYNUA.
  1513 | D:2      | 1513 ||| READING scroll labelled LADAUR YPROPH.
  1569 | D:3      | Reached XP level 4. HP: 28/28 MP: 4/4
  1640 | D:3      | 1640 ||| Stepping ~*~*~tactically~*~*~ (stealth).
  1647 | D:3      | 1647 ||| Stepping ~*~*~tactically~*~*~ (stealth).
  1652 | D:3      | Identified the +1 helmet of Springtime {Int+3}
  1652 | D:3      | Noticed Robin
  1653 | D:3      | 1653 ||| Stepping ~*~*~tactically~*~*~ (stealth).
  1666 | D:3      | 1666 ||| Stepping ~*~*~tactically~*~*~ (stealth).
  1677 | D:3      | 1677 ||| Stepping ~*~*~tactically~*~*~ (stealth).
  1683 | D:3      | Killed Robin
  1684 | D:3      | Reached skill level 4 in Axes
  1684 | D:3      | 1684 ||| Stepping ~*~*~tactically~*~*~ (hiding).
  1692 | D:3      | 1692 ||| Stepping ~*~*~tactically~*~*~ (hiding).
  1694 | D:3      | HP: 7/28 [orc/+0 morningstar (10)]
  1741 | D:3      | 1741 ||| FLEEEEING.
  1742 | D:3      | 1742 ||| FLEEEEING.
  1743 | D:3      | 1743 ||| FLEEEEING.
  1744 | D:3      | 1744 ||| FLEEEEING.
  1745 | D:3      | 1745 ||| Stepping ~*~*~tactically~*~*~ (stealth).
  1747 | D:3      | HP: 7/28 [goblin/+0 club[Robin] (2)]
  1754 | D:3      | 1754 ||| STAIRDANCE
  1982 | D:2      | 1982 ||| UPGRADING to +1 hat.
  2001 | D:3      | 2001 ||| DROPPING +1 whip of pain.
  2048 | D:3      | 2048 ||| Stepping ~*~*~tactically~*~*~ (stealth).
  2080 | D:3      | Found a faded altar of an unknown god.
  2128 | D:3      | Noticed Jessica
  2129 | D:3      | 2129 ||| Stepping ~*~*~tactically~*~*~ (hiding).
  2138 | D:3      | Killed Jessica
  2139 | D:3      | Reached XP level 5. HP: 28/32 MP: 5/5
  2263 | D:3      | Noticed a dream sheep
  2263 | D:3      | Noticed a dream sheep
  2263 | D:3      | Noticed a dream sheep
  2263 | D:3      | Noticed a dream sheep
  2263 | D:3      | Noticed a dream sheep
  2263 | D:3      | Found a shimmering altar of Xom.
  2266 | D:3      | Killed a dream sheep
  2266 | D:3      | Killed a dream sheep
  2266 | D:3      | Killed a dream sheep
  2266 | D:3      | Killed a dream sheep
  2268 | D:3      | Killed a dream sheep
  2268 | D:3      | HP: 7/32 [spore (25)]
  2269 | D:3      | 2269 ||| Stepping ~*~*~tactically~*~*~ (cloud).
  2544 | D:3      | 2544 ||| Stepping ~*~*~tactically~*~*~ (stealth).
  2546 | D:3      | 2546 ||| Stepping ~*~*~tactically~*~*~ (hiding).
  2557 | D:3      | Reached skill level 5 in Axes
  2841 | D:3      | 2841 ||| UPGRADING to +1 helmet of Springtime {Int+3}.
  2851 | D:3      | 2851 ||| DROPPING +1 hat.
  2852 | D:3      | 2852 ||| UPGRADING to +4 ring of protection.
  2853 | D:3      | 2853 ||| DRINKING 2 fuming pink potions.
  2853 | D:3      | Gained mutation: Armour fits poorly on your strangely
                  | shaped body. [potion of mutation]
  2853 | D:3      | Gained mutation: You have large cloven feet. [potion of
                  | mutation]
  2854 | D:3      | 2854 ||| DRINKING potion of mutation.
  2854 | D:3      | Lost mutation: Armour fits poorly on your strangely shaped
                  | body. [potion of mutation]
  2854 | D:3      | Lost mutation: You have large cloven feet. [potion of
                  | mutation]
  2854 | D:3      | Gained mutation: Your spells are a little harder to cast,
                  | but a little more powerful. [potion of mutation]
  2854 | D:3      | Gained mutation: You are partially covered in iridescent
                  | scales. (AC +2) [potion of mutation]
  2949 | D:4      | 2949 ||| Stepping ~*~*~tactically~*~*~ (hiding).
  3078 | D:4      | Reached XP level 6. HP: 16/38 MP: 6/6
  3321 | D:4      | Reached skill level 1 in Dodging
  3360 | D:4      | 3360 ||| Stepping ~*~*~tactically~*~*~ (stealth).
  3565 | D:4      | Found a shimmering blue altar of Sif Muna.
  3566 | D:4      | Found a white marble altar of Elyvilon.
  3806 | D:4      | 3806 ||| UPGRADING to ring of positive energy.
  3807 | D:4      | 3807 ||| READING scroll labelled POUT ADAXY.
  3808 | D:4      | 3808 ||| DRINKING 2 metallic sapphire potions.
  3809 | D:4      | 3809 ||| READING 5 scrolls of identify.
  3809 | D:4      | 3809 ||| IDENTIFYING pink potion
  3810 | D:4      | 3810 ||| DROPPING potion of magic.
  3811 | D:4      | 3811 ||| DROPPING potion of degeneration.
  3828 | D:5      | Entered Level 5 of the Dungeon
  3903 | D:5      | 3903 ||| READING scroll of enchant weapon.
  3903 | D:5      | 3903 ||| ENCHANTING +2 war axe.
  3931 | D:5      | Reached skill level 6 in Axes
  3931 | D:5      | Reached XP level 7. HP: 41/43 MP: 7/7
  4099 | D:5      | Noticed a steam dragon
  4108 | D:5      | Killed a steam dragon
  4109 | D:5      | Reached skill level 7 in Axes
  4109 | D:5      | 4109 ||| Stepping ~*~*~tactically~*~*~ (cloud).
  4421 | D:5      | 4421 ||| FLEEEEING.
  4422 | D:5      | 4422 ||| FLEEEEING.
  4423 | D:5      | 4423 ||| FLEEEEING.
  4424 | D:5      | 4424 ||| STAIRDANCE
  4497 | D:4      | 4497 ||| READING scroll labelled JIDO QASITHRIEHOE.
  4498 | D:4      | 4498 ||| READING scroll labelled ZEBIECR INEENA.
  4499 | D:4      | 4499 ||| READING 4 scrolls of identify.
  4499 | D:4      | 4499 ||| IDENTIFYING coppery potion
  4500 | D:4      | 4500 ||| READING 3 scrolls of identify.
  4500 | D:4      | 4500 ||| IDENTIFYING red potion
  4501 | D:4      | 4501 ||| DROPPING potion of brilliance.
  4513 | D:5      | Reached XP level 8. HP: 46/49 MP: 8/8
  4553 | D:5      | Reached skill level 1 in Throwing
  4688 | D:5      | 4688 ||| READING scroll of enchant weapon.
  4688 | D:5      | 4688 ||| ENCHANTING +3 war axe.
  4724 | D:5      | 4724 ||| Stepping ~*~*~tactically~*~*~ (stealth).
  4725 | D:5      | 4725 ||| Stepping ~*~*~tactically~*~*~ (stealth).
  4895 | D:5      | 4895 ||| READING scroll labelled ALICKOAMAR.
  4999 | D:6      | 4999 ||| Stepping ~*~*~tactically~*~*~ (stealth).
  5001 | D:6      | 5001 ||| Stepping ~*~*~tactically~*~*~ (hiding).
  5012 | D:6      | 5012 ||| Stepping ~*~*~tactically~*~*~ (hiding).
  5037 | D:6      | Found Jedgh's Antique Armour Shoppe.
  5045 | D:6      | 5045 ||| SHOPLISTING +4 skin of Zhor {*Englaciate rC+++
                  | SInv} (2061 gold, have 372).
  5045 | D:6      | 5045 ||| BUYING crude helmet (294 gold).
  5045 | D:6      | Bought a crude helmet for 294 gold pieces
  5045 | D:6      | Identified the +0 helmet of Valour {Rampage rF+ rC+ Dex+3}
                  | (You bought it in a shop on level 6 of the Dungeon)
  5045 | D:6      | 5045 ||| SHOPLISTING pair of boots (139 gold, have 78).
  5045 | D:6      | 5045 ||| SHOPLISTING shiny scale mail (217 gold, have 78).
  5084 | D:6      | 5084 ||| Stepping ~*~*~tactically~*~*~ (stealth).
  5085 | D:6      | 5085 ||| Stepping ~*~*~tactically~*~*~ (stealth).
  5096 | D:6      | Reached skill level 8 in Axes
  5138 | D:6      | Noticed a yak
  5138 | D:6      | Noticed a yak
  5138 | D:6      | Noticed a yak
  5138 | D:6      | Noticed a yak
  5139 | D:6      | 5139 ||| Stepping ~*~*~tactically~*~*~ (stealth).
  5146 | D:6      | Killed a yak
  5147 | D:6      | Reached skill level 6 in Fighting
  5153 | D:6      | Killed a yak
  5155 | D:6      | Killed a yak
  5156 | D:6      | Reached skill level 9 in Axes
  5162 | D:6      | Killed a yak
  5163 | D:6      | Reached XP level 9. HP: 38/55 MP: 9/9
  5279 | D:6      | Found a staircase to the Ecumenical Temple.
  5280 | D:6      | 5280 ||| PLANNING TEMPLE
  5280 | D:6      | 5280 ||| Stepping ~*~*~tactically~*~*~ (stealth).
  5281 | D:6      | 5281 ||| UPGRADING to +0 chain mail.
  5302 | D:6      | 5302 ||| DROPPING +0 scale mail.
  5303 | D:6      | 5303 ||| UPGRADING to +0 helmet of Valour {Rampage rF+ rC+
                  | Dex+3}.
  5314 | D:6      | 5314 ||| Stepping ~*~*~tactically~*~*~ (stealth).
  5321 | D:6      | 5321 ||| DROPPING +1 helmet of Springtime {Int+3}.
  5322 | D:6      | 5322 ||| READING scroll labelled HIM UNLELELABBA.
  5327 | D:6      | 5327 ||| READING scroll labelled XIKUINT VISEPH.
  5339 | D:6      | Noticed Pikel
  5349 | D:6      | Killed Pikel
  5413 | D:6      | Noticed Menkaure
  5414 | D:6      | 5414 ||| FLEEEEING.
  5415 | D:6      | 5415 ||| FLEEEEING.
  5425 | D:6      | 5425 ||| STAIRDANCE
  5457 | D:5      | 5457 ||| Stepping ~*~*~tactically~*~*~ (stealth).
  5476 | D:6      | Killed Menkaure
  5525 | Temple   | Entered the Ecumenical Temple
  5526 | Temple   | 5526 ||| PLANNING OKAWARU WORSHIP
  5844 | Temple   | Became a worshipper of Warmaster Okawaru
  5845 | Temple   | 5845 ||| PLANNING D:1-11
  5968 | D:6      | Found Duvvagu's Jewellery Boutique.
  5974 | D:6      | 5974 ||| SHOPLISTING amulet of Vitality {RegenMP++ Regen++}
                  | (1500 gold, have 113).
  5974 | D:6      | 5974 ||| SHOPLISTING amulet of the acrobat (450 gold, have
                  | 113).
  5974 | D:6      | 5974 ||| SHOPLISTING ring of fire (375 gold, have 113).
  5974 | D:6      | 5974 ||| SHOPLISTING ring of resist corrosion (300 gold,
                  | have 113).
  5974 | D:6      | 5974 ||| SHOPLISTING ring of see invisible (225 gold, have
                  | 113).
  6026 | D:6      | Found Atamoopp's Distillery.
  6043 | D:6      | 6043 ||| BUYING potion of attraction (36 gold).
  6043 | D:6      | Bought a potion of attraction for 36 gold pieces
  6043 | D:6      | 6043 ||| BUYING potion of curing (36 gold).
  6043 | D:6      | Bought a potion of curing for 36 gold pieces
  6043 | D:6      | 6043 ||| SHOPLISTING potion of heal wounds (60 gold, have
                  | 41).
  6043 | D:6      | 6043 ||| BUYING potion of lignification (36 gold).
  6043 | D:6      | Bought a potion of lignification for 36 gold pieces
  6043 | D:6      | 6043 ||| SHOPLISTING potion of magic (96 gold, have 5).
  6368 | D:6      | 6368 ||| READING 2 scrolls of identify.
  6368 | D:6      | 6368 ||| IDENTIFYING glowing black potion
  6431 | D:7      | Reached * piety under Okawaru
  6506 | D:7      | 6506 ||| Stepping ~*~*~tactically~*~*~ (stealth).
  6520 | D:7      | 6520 ||| Stepping ~*~*~tactically~*~*~ (stealth).
  6521 | D:7      | 6521 ||| Stepping ~*~*~tactically~*~*~ (stealth).
  6553 | D:7      | Reached skill level 10 in Axes
  6754 | D:7      | You fall into a shaft and drop 3 floors!
  6754 | D:10     | Entered Level 10 of the Dungeon
  6763 | D:10     | 6763 ||| Stepping ~*~*~tactically~*~*~ (stealth).
  6767 | D:10     | 6767 ||| INVOKING Heroism.
  6768 | D:10     | 6768 ||| Stepping ~*~*~tactically~*~*~ (stealth).
  6770 | D:10     | Reached skill level 1 in Invocations
  6770 | D:10     | Reached XP level 10. HP: 51/63 MP: 7/11
  6778 | D:10     | Reached skill level 3 in Invocations
  6781 | D:10     | 6781 ||| INVOKING Heroism.
  6781 | D:10     | HP: 16/64 [yak (4)]
  7042 | D:10     | Noticed Erica
  7043 | D:10     | 7043 ||| INVOKING Heroism.
  7051 | D:10     | Killed Erica
  7051 | D:10     | Reached ** piety under Okawaru
  7075 | D:10     | 7075 ||| INVOKING Heroism.
  7120 | D:10     | Found a staircase to the Lair.
  7125 | D:10     | 7125 ||| UPGRADING to +0 cloak.
  7141 | D:9      | 7141 ||| Stepping ~*~*~tactically~*~*~ (hiding).
  7142 | D:9      | 7142 ||| Stepping ~*~*~tactically~*~*~ (hiding).
  7143 | D:9      | 7143 ||| Stepping ~*~*~tactically~*~*~ (hiding).
  7145 | D:9      | 7145 ||| INVOKING Heroism.
  7153 | D:9      | Noticed a boulder beetle
  7160 | D:9      | Reached skill level 6 in Armour
  7164 | D:9      | 7164 ||| Stepping ~*~*~tactically~*~*~ (hiding).
  7168 | D:9      | 7168 ||| INVOKING Heroism.
  7191 | D:9      | 7191 ||| INVOKING Heroism.
  7200 | D:9      | HP: 13/64 [boulder beetle (8)]
  7202 | D:9      | HP: 3/64 [orc warrior/+0 glaive (4)]
  7207 | D:9      | 7207 ||| Stepping ~*~*~tactically~*~*~ (hiding).
  7209 | D:9      | HP: 3/64 [killer bee (1)]
  7216 | D:9      | Slain by an orc warrior

Levels and vault maps discovered:
D:1:      saegor_arrival_miasma, layout_rooms
D:2:      layout_loops_ring
D:3:      layout_basic, kb_xom_exploding_sheep,
          chequers_ecumenical_altar_island, uniq_robin, uniq_jessica
D:4:      layout_cave_pools, jmf_multi_god_temple
D:5:      layout_loops_ring, hex_tiny
D:6:      layout_loops_cross, minmay_temple_entry_arrows, serial_shops, shop,
          nicolae_shop_stone, nicolae_stop_n_shop_1, serial_bayou_pond_c,
          uniq_pikel, uniq_menkaure
D:7:      layout_loops_ring
D:9:      minmay_the_grid_octo_tiled_octocenter [minmay_the_grid_octo_77,
          minmay_the_grid_octo_clover, minmay_the_grid_octo_pinwheel,
          minmay_the_grid_octo_thin_diamonds,
          minmay_the_grid_octo_prize_square_snowflake,
          minmay_the_grid_square_5x5_checkered,
          minmay_the_grid_square_5x5_fat_x,
          minmay_the_grid_square_5x5_broken_cross,
          minmay_the_grid_square_5x5_minivault], layout_rooms,
          nicolae_wu_jian_wuxing_cycle, orc_0_dummy, uniq_maggie
D:10:     layout_gridville, nicolae_gozag_seed_capital, lair_entry_dummy,
          uniq_erica
Temple:   compressed_dpeg_triangle_lava_temple

Skill      XL: |  1  2  3  4  5  6  7  8  9 10 |
---------------+-------------------------------+-----
Axes           | 2 3 4 5 6 7 9 10 | 10.8
Fighting       | 4 5 6 7 8 |  8.1
Dodging        | 1 2 |  2.0
Throwing       | 1 |  1.0
Shields        | 4 5 |  5.3
Armour         | 5 6 |  6.1
Invocations    | 1 4 |  4.6

Action                   |  1- 3 |  4- 6 |  7- 9 | 10-12 || total
-------------------------+-------+-------+-------+-------++-------
Melee: War axe           |    73 |   129 |   177 |    93 ||   472
Throw: Boomerang         |    18 |    41 |    45 |     4 ||   108
Invok: Heroism           |       |       |     1 |     6 ||     7
  Use: Scroll            |     4 |     3 |     9 |       ||    16
       Potion            |     1 |     3 |       |       ||     4
 Stab: Distracted        |       |     1 |       |       ||     1
Armor: Scale mail        |    26 |    69 |    63 |       ||   158
       Chain mail        |       |       |    41 |    49 ||    90
Dodge: Dodged            |    30 |    60 |    58 |    49 ||   197
Block: Buckler           |    13 |    23 |    33 |    33 ||   102

Table legend:
 A = Non-vault XP
 B = Vault XP
 C = Vault XP percentage of total XP
 D = Non-vault monster count
 E = Vault monster count
 F = Vault count percentage of total count
                 A         B        C        D         E       F
            +---------+---------+-------+---------+---------+-------
      Total |    5349 |    2632 |  33.0 |     127 |      27 |  17.5
            +---------+---------+-------+---------+---------+-------
        D:1 |      30 |       0 |   0.0 |      17 |       0 |   0.0
        D:2 |      38 |       0 |   0.0 |      11 |       0 |   0.0
        D:3 |     124 |      70 |  36.1 |      25 |      13 |  34.2
        D:4 |     126 |      90 |  41.7 |      17 |       2 |  10.5
        D:5 |     903 |       0 |   0.0 |      15 |       0 |   0.0
        D:6 |    1991 |     776 |  28.0 |      22 |       2 |   8.3
        D:7 |     329 |       0 |   0.0 |       8 |       0 |   0.0
        D:9 |     500 |     865 |  63.4 |       6 |       9 |  60.0
       D:10 |    1308 |     831 |  38.8 |       6 |       1 |  14.3
            +---------+---------+-------+---------+---------+-------
